 Dungeon Crawl Stone Soup version 0.27-a0-124-g19cb506db8 (webtiles) character file.

Game seed: 14524406256693233427

69591 kae the Brawler (level 14, -21/112 HPs)
             Began as a Purple Draconian Transmuter on Jan 25, 2021.
             Was the Champion of Hepliaklqana.
             Killed from afar by a fire giant (45 damage)
             ... with a fireball
             ... on level 13 of the Dungeon.
             The game lasted 00:20:42 (27532 turns).

kae the Brawler (Purple Draconian Transmuter)      Turns: 27532, Time: 00:20:43

Health: -21/112    AC: 14    Str: 16    XL:     14   Next: 90%
Magic:  22/22      EV: 22    Int: 14    God:    Hepliaklqana [******]
Gold:   1420       SH:  5    Dex: 13    Spells: 8/21 levels left

rFire    . . .     SeeInvis .     - Unarmed
rCold    . . .     Faith    .   (shield currently unavailable)
rNeg     . . .     Spirit   .   (armour unavailable)
rPois    .         Reflect  +   D - +2 hat
rElec    .         Harm     .   l - +0 cloak
rCorr    .         Rampage  .   (gloves currently unavailable)
Will     ++...                  E - +2 pair of boots
Stlth    +.........             j - amulet of reflection
HPRegen  0.28/turn              a - +4 ring of evasion
MPRegen  0.18/turn              u - ring of wizardry

@: short of breath, blade hands (expiring)
A: breathe power, unfitting armour, reduced essence, cold-blooded, AC +8
a: Breathe Dispelling Energy, End Transformation, Renounce Religion, Recall
Ancestor, Ancestor Identity, Transference, Idealise


You were on level 13 of the Dungeon.
You worshipped Hepliaklqana.
Hepliaklqana was exalted by your worship.
You had blades for hands.
You visited 3 branches of the dungeon, and saw 20 of its levels.
You also visited: Ossuary.

You collected 1500 gold pieces.
You spent 80 gold pieces at shops.

Inventory:

Armour
 k - a +1 pair of gloves (melded)
 l - a +0 cloak (worn)
 D - a +2 hat (worn)
 E - a +2 pair of boots (worn)
Jewellery
 a - a +4 ring of evasion (left scythe-like blade)
 j - an amulet of reflection (around neck)
 m - an uncursed ring of protection from cold
 u - a ring of wizardry (right scythe-like blade)
 C - an uncursed ring of positive energy
 F - an uncursed ring of poison resistance
Wands
 d - a wand of paralysis (14)
 p - a wand of digging (9)
 t - a wand of iceblast (3)
 A - a wand of mindburst (22)
 B - a wand of acid (20)
Scrolls
 c - 14 scrolls of remove curse
 e - 4 scrolls of fog
 g - 3 scrolls of enchant weapon
 n - 7 scrolls of teleportation
 y - 7 scrolls of amnesia
 H - a scroll of holy word
 I - a scroll of identify
 J - a scroll of blinking
 L - 2 scrolls of magic mapping
Potions
 b - a potion of mutation
 f - 4 potions of haste
 h - 4 potions of magic
 i - 14 potions of heal wounds
 o - 4 potions of ambrosia
 q - a potion of brilliance
 r - 7 potions of curing
 s - 2 potions of cancellation
 v - 3 potions of flight
 w - 3 potions of attraction
 x - 3 potions of lignification
 z - 2 potions of might
 G - 2 potions of resistance
 K - a potion of invisibility


   Skills:
 + Level 11.7 Fighting
 + Level 10.2 Dodging
 * Level 15.0 Unarmed Combat
 - Level 4.0 Spellcasting
 + Level 11.2 Transmutations
 - Level 5.0 Ice Magic
 - Level 2.0 Poison Magic
 + Level 10.8 Invocations


You had 8 spell levels left.
You knew the following spells:

 Your Spells              Type           Power        Failure   Level
a - Beastly Appendage     Tmut           68%          3%          1
b - Spider Form           Tmut/Pois      10%          12%         3
c - Ice Form              Ice/Tmut       25%          16%         4
d - Blade Hands           Tmut           17%          14%         5

Your spell library contained the following spells:

 Spells                   Type           Power        Failure   Level
 Wereblood                Tmut           34%          4%          2
 Passwall                 Tmut/Erth      15%          11%         2
 Ignite Poison            Fire/Tmut/Pois 15%          21%         3
 Animate Skeleton         Necr           4%           30%         1
 Magic Dart               Conj           8%           30%         1
 Pain                     Necr           8%           30%         1
 Sandblast                Erth           4%           30%         1
 Petrify                  Tmut/Erth      18%          30%         4
 Searing Ray              Conj           4%           38%         2
 Sublimation of Blood     Necr           1%           38%         2
 Alistair's Intoxication  Tmut/Pois      14%          43%         5
 Irradiate                Conj/Tmut      9%           52%         5
 Dazzling Flash           Conj/Hex       4%           54%         3
 Stone Arrow              Conj/Erth      4%           54%         3
 Vampiric Draining        Necr           1%           54%         3
 Animate Dead             Necr           1%           85%         4
 Fulminant Prism          Conj/Hex       1%           85%         4
 Iskenderun's Mystic Bla  Conj/Tloc      2%           85%         4
 Eringya's Noxious Bog    Tmut/Pois      10%          86%         6
 Agony                    Necr           2%           98%         5
 Lee's Rapid Deconstruct  Erth           1%           98%         5


Dungeon Overview and Level Annotations

Branches:
Dungeon (13/15)            Temple (1/1) D:6            Lair (6/6) D:9
 Shoals (0/4) Lair:2        Snake (0/4) Lair:2        Slime (0/5) Lair:6
    Orc (0/2) D:9         Ossuary (visited)
 Vaults: D:13-14

Altars:
Ashenzari
Cheibriados
Dithmenos
Elyvilon
Fedhas
Gozag
Hepliaklqana
Kikubaaqudgha
Makhleb
Nemelex Xobeh
Okawaru
Qazlal
Ru
Sif Muna
Trog
Uskayaw
Vehumet
Wu Jian
Xom
Yredelemnul
Zin
The Shining One
Beogh
Jiyva

Shops:
D:5 =   D:8 [

Annotations:
D:13 1 runed translucent door
Lair:1 2 transporters, Elallin's ghost, novice HuFi


Innate Abilities, Weirdness & Mutations

You can breathe bolts of dispelling energy.
Your rich purple scales are hard. (AC +8)
You cannot fit into any form of body armour.
You are cold-blooded and may be slowed by cold attacks.
Your life essence is reduced to manifest your ancestor. (-10% HP)


Message History

The tengu reaver is almost dead.
Shunnar gestures at the vault guard while chanting.
The tengu reaver resists with almost no effort.
The tengu reaver casts a spell at Shunnar.
The bolt of magma hits Shunnar!!
Shunnar partially resists.
Shunnar is destroyed!
The tengu reaver shouts!
You slash the tengu reaver!
You kill the tengu reaver!
The vault guard misses you. x2
Okay, then.
As you read the scroll of teleportation, it crumbles to dust.
You feel strangely unstable.
Your transformation is almost over.
Your surroundings suddenly seem different.
Okay, then.
The fire giant points at you and mumbles some strange words.
The fireball explodes!
The fireball engulfs you!!!
You die...

.# #####.##.............# #....
.# ....##...##[.........# #.###
.# .8...##..##......[...# #.# )#
......##...#.....#...# #.# .#
###.*..#.............# #.### .#
+)#....pp.#.......)..# #.... .#
###....#Cp#........).# #.... .#
......###.##.....#.[)###.... .#
.8...# #..@....##..))...... .#
....# ##...#####..).......
######### ##...# ####..#....
..... ....# ####..#####
.#...#..... ###..#####.....#
.##......... ###....#...##..# ##
.##...#......#......#.####.## ##.
.#....................###..####..
#.#............##...####..#......


You could see a fire giant and a vault guard.

Vanquished Creatures
  Kirke (Lair:5)
  A tengu reaver (D:13)
  Snorg (D:13)
  5 vault guards (D:13)
  6 hydras
  2 boulder beetles
  2 two-headed ogres
  4 death yaks (Lair:6)
  2 unseen horrors (D:11)
  A lindwurm (Lair:2)
  3 ugly things (D:12)
  A phantasmal warrior (D:13)
  3 cyclopes
  A merfolk siren (Lair:2)
  Maurice (D:9)
  2 black mambas
  6 elephants (Lair:6)
  2 centaur zombies
  4 molten gargoyles (D:13)
  Psyche (D:10)
  A torpor snail (Lair:6)
  7 cane toads
  5 rime drakes
  6 komodo dragons
  A troll (D:10)
  6 polar bears
  8 hornets
  4 dream sheep (Lair:6)
  10 blink frogs
  14 spriggans (Lair:6)
  49 yaks
  A shadow (D:12)
  6 wyverns
  A fire elemental (D:13)
  A wraith (D:13)
  5 basilisks
  4 hogs (Lair:5)
  2 nagas (Lair:2)
  21 water moccasins
  8 orc warriors
  A sky beast (D:13)
  3 ice beasts
  9 black bears
  2 ogres
  2 phantoms
  24 wolves
  4 boggarts (Lair:6)
  9 centaurs
  A big kobold (D:13)
  17 bullfrogs
  7 scorpions
  8 killer bees
  13 wights
  An electric eel (Lair:2)
  2 howler monkeys (D:4)
  A quasit (D:9)
  A lava snake (D:13)
  A bullfrog zombie (D:12)
  A jelly (D:5)
  11 orc priests
  7 bullfrog skeletons
  2 centaur skeletons
  8 hounds
  3 iguanas
  Natasha (thrice) (D:3)
  17 orc wizards
  11 worker ants
  A killer bee zombie (D:7)
  3 big kobold zombies (Ossuary)
  A hound skeleton (D:5)
  3 mummies
  2 worker ant zombies (D:8)
  3 gnolls (D:7)
  12 adders
  2 shadow imps
  3 white imps
  2 ufetubi
  2 adder zombies (Ossuary)
  An adder skeleton (D:6)
  A worm (D:2)
  3 dart slugs
  2 leopard geckos
  64 orcs
  7 giant cockroaches
  2 gnoll zombies (Ossuary)
  9 goblins
  10 hobgoblins
  12 jackals
  2 quokkas
  A ball python (D:2)
  18 bats
  A frilled lizard (D:4)
  5 hobgoblin zombies (Ossuary)
  A jackal skeleton (D:6)
  9 kobolds
  5 kobold zombies (Ossuary)
  6 orc zombies (Ossuary)
  8 rats
579 creatures vanquished.

Vanquished Creatures (collateral kills)
  A frost giant (D:13)
  5 hydras
  Nergalle (D:12)
  2 unseen horrors
  A rime drake (Lair:4)
  A blink frog (Lair:5)
  A meliai zombie (D:10)
  A wyvern (Lair:6)
  A wraith (D:13)
  4 yaks
  A sky beast (D:11)
  A centaur (D:13)
  2 wolves (Lair:3)
  A wight (D:13)
  An orc priest (D:8)
  4 orc wizards
  A hound skeleton (D:11)
  A gnoll (D:7)
  An adder (D:8)
  A shadow imp (D:8)
  A white imp (D:7)
  A leopard gecko (D:8)
  7 orcs
  A kobold (D:13)
  A quokka skeleton (D:7)
  A butterfly (Lair:4)
44 creatures vanquished.

Vanquished Creatures (others)
  8 hexers
  4 ancestors
  58 fungi
  80 plants
150 creatures vanquished.

Grand Total: 773 creatures vanquished

Notes
Turn   | Place    | Note
-------+----------+-------------------------------------------
     0 | D:1      | kae the Draconian Transmuter began the quest for the Orb.
     0 | D:1      | Reached XP level 1. HP: 16/16 MP: 3/3
   126 | D:1      | Reached XP level 2. HP: 23/23 MP: 3/5
   771 | D:1      | Reached XP level 3. HP: 25/28 MP: 4/6
  1457 | D:2      | Reached XP level 4. HP: 33/36 MP: 7/7
  2044 | D:3      | Reached skill level 4 in Unarmed Combat
  2060 | D:3      | Reached XP level 5. HP: 31/41 MP: 8/8
  2305 | D:3      | Noticed Natasha
  2313 | D:3      | Killed Natasha
  2327 | D:3      | Learned a level 3 spell: Spider Form
  2537 | D:3      | Noticed Natasha
  2553 | D:3      | Killed Natasha
  2662 | D:3      | Noticed Natasha
  2675 | D:3      | Killed Natasha
  2944 | D:4      | Reached skill level 1 in Poison Magic
  3188 | D:4      | Reached XP level 6. HP: 34/50 MP: 8/10
  3441 | D:4      | Learned a level 4 spell: Ice Form
  4049 | D:4      | Reached skill level 5 in Unarmed Combat
  4049 | D:4      | Your scales start taking on a rich purple colour.
  4049 | D:4      | Reached XP level 7. HP: 53/57 MP: 12/12
  4227 | D:5      | Entered Level 5 of the Dungeon
  4386 | D:5      | Found Ytuto's Jewellery Boutique.
  4402 | D:5      | Bought a cursed amulet of inaccuracy for 26 gold pieces
  4611 | D:5      | Reached skill level 6 in Unarmed Combat
  4830 | D:5      | Reached XP level 8. HP: 57/66 MP: 9/13
  5037 | D:5      | Found a sparkling altar of Nemelex Xobeh.
  5626 | D:6      | Found a sand-covered staircase.
  5634 | Ossuary  | Entered an ossuary
  5913 | D:6      | Found a staircase to the Ecumenical Temple.
  5931 | D:6      | Found a radiant altar of Vehumet.
  6003 | D:6      | Reached skill level 7 in Unarmed Combat
  6018 | Temple   | Entered the Ecumenical Temple
  6192 | Temple   | Became a worshipper of Hepliaklqana the Forgotten
  6621 | D:7      | Reached skill level 5 in Transmutations
  6629 | D:7      | Reached skill level 5 in Fighting
  6649 | D:7      | Reached * piety under Hepliaklqana
  6747 | D:6      | Reached skill level 1 in Invocations
  6960 | D:7      | Reached skill level 1 in Ice Magic
  7497 | D:8      | Found Didematas's Armour Shop.
  7500 | D:8      | Reached XP level 9. HP: 66/66 MP: 14/14
  8345 | D:8      | Bought a +0 pair of boots for 54 gold pieces
  8374 | D:9      | Reached skill level 8 in Unarmed Combat
  8377 | D:9      | Noticed Maurice
  8388 | D:9      | Killed Maurice
  8389 | D:9      | Reached skill level 5 in Dodging
  9007 | D:9      | Paralysed by a hornet for 3 turns
  9011 | D:9      | Reached XP level 10. HP: 37/74 MP: 12/15
  9255 | D:9      | Reached skill level 9 in Unarmed Combat
  9406 | D:9      | Found a staircase to the Lair.
  9439 | D:9      | Found a roughly hewn altar of Beogh.
  9439 | D:9      | Found a staircase to the Orcish Mines.
 10162 | D:9      | Reached ** piety under Hepliaklqana
 10167 | D:9      | Remembered your ancestor Shunnar as a hexer
 10493 | D:10     | Entered Level 10 of the Dungeon
 10740 | D:10     | Noticed Psyche
 10748 | D:10     | Killed Psyche
 10749 | D:10     | Reached skill level 5 in Invocations
 10948 | D:10     | Reached skill level 10 in Unarmed Combat
 11364 | D:11     | Killed an unseen horror
 11365 | D:11     | Reached XP level 11. HP: 69/82 MP: 12/16
 11608 | D:11     | Found a blossoming altar of Fedhas.
 11649 | D:11     | Killed an unseen horror
 11919 | D:11     | Reached skill level 5 in Ice Magic
 12559 | D:11     | Reached *** piety under Hepliaklqana
 13360 | D:12     | Noticed a boulder beetle
 13381 | D:12     | HP: 4/99 [boulder beetle (26)]
 13751 | D:12     | Killed a boulder beetle
 13839 | D:12     | Noticed a brown ugly thing
 13849 | D:12     | Killed a brown ugly thing
 14197 | D:12     | Killed an unseen horror
 14198 | D:12     | Reached skill level 11 in Unarmed Combat
 14396 | D:12     | Noticed a two-headed ogre
 14402 | D:12     | Killed a two-headed ogre
 14505 | D:12     | Noticed a cyan ugly thing
 14516 | D:12     | Killed a cyan ugly thing
 14654 | D:12     | Noticed a purple ugly thing
 14659 | D:12     | Noticed Nergalle
 14666 | D:12     | Killed a purple ugly thing
 14668 | D:12     | Noticed a spectral orc warlord
 14669 | D:12     | Killed Nergalle
 14958 | D:12     | Reached XP level 12. HP: 48/92 MP: 14/18
 15722 | Lair:1   | Entered Level 1 of the Lair of Beasts
 15744 | Lair:1   | Found a transporter.
 15745 | Lair:1   | Noticed Elallin's ghost (novice HuFi)
 15941 | Lair:1   | Found a transporter.
 15955 | Lair:1   | Noticed a seven-headed hydra
 15961 | Lair:1   | Killed a seven-headed hydra
 15962 | Lair:1   | Reached **** piety under Hepliaklqana
 16099 | Lair:1   | Learned a level 5 spell: Blade Hands
 16793 | Lair:2   | Noticed an eight-headed hydra
 16805 | Lair:2   | Killed an eight-headed hydra
 17134 | Lair:2   | Reached skill level 12 in Unarmed Combat
 17395 | Lair:2   | Noticed a six-headed hydra
 17411 | Lair:2   | Killed a six-headed hydra
 17945 | Lair:2   | Found a staircase to the Shoals.
 18081 | Lair:2   | Reached ***** piety under Hepliaklqana
 18108 | Lair:2   | Noticed a seven-headed hydra
 18115 | Lair:2   | Killed a seven-headed hydra
 18322 | Lair:2   | Found a staircase to the Snake Pit.
 18989 | Lair:3   | Noticed a five-headed hydra
 19000 | Lair:3   | Killed a five-headed hydra
 19381 | Lair:3   | Noticed a five-headed hydra
 19390 | Lair:3   | Killed a five-headed hydra
 19391 | Lair:3   | Reached XP level 13. HP: 100/100 MP: 15/19
 20453 | Lair:4   | Reached skill level 13 in Unarmed Combat
 21238 | Lair:5   | Reached skill level 10 in Fighting
 22090 | Lair:5   | Noticed Kirke
 22218 | Lair:5   | Killed Kirke
 22219 | Lair:5   | Reached skill level 10 in Transmutations
 22342 | Lair:5   | Found an opulent altar of Gozag.
 22689 | Lair:6   | Entered Level 6 of the Lair of Beasts
 23562 | Lair:6   | Reached XP level 14. HP: 103/109 MP: 15/21
 23615 | Lair:6   | Reached skill level 14 in Unarmed Combat
 23935 | Lair:6   | Found a viscous altar of Jiyva.
 23936 | Lair:6   | Found a staircase to the Slime Pits.
 24098 | Lair:6   | Reached skill level 10 in Invocations
 25862 | Lair:6   | Found a viscous altar of Jiyva.
 25863 | Lair:6   | Found a staircase to the Slime Pits.
 26280 | D:9      | Identified a scroll of acquirement
 26280 | D:9      | Acquired a book of Frost
 26749 | D:13     | Reached ****** piety under Hepliaklqana
 26754 | D:13     | Reached skill level 10 in Dodging
 26812 | D:13     | Found a runed translucent door.
 27107 | D:13     | Noticed Snorg
 27119 | D:13     | Killed Snorg
 27492 | D:13     | Noticed a frost giant
 27492 | D:13     | Noticed a tengu reaver
 27493 | D:13     | Found the +5 sword of Power {vorpal}
 27520 | D:13     | Killed a frost giant
 27521 | D:13     | Reached skill level 15 in Unarmed Combat
 27521 | D:13     | Noticed a fire giant
 27526 | D:13     | Killed a tengu reaver
 27532 | D:13     | Killed from afar by a fire giant

Illustrated notes

Levels and vault maps discovered:
D:1:      dpeg_arrival_central, layout_rooms
D:2:      layout_rooms, st_stairs_2
D:3:      layout_loops_ring, uniq_natasha
D:4:      layout_basic
D:5:      old_forge, layout_basic, serial_shops, nicolae_shop_window_shopping,
          nemelex_xobeh_ov_fountains_minmay
D:6:      layout_rooms, overflow_temple_1_default, minmay_temple_entry_waves,
          gup_ossuary_entry_pyramid
D:7:      layout_cave_pools
D:8:      layout_rooms, serial_shops, shop
D:9:      layout_roguey, minmay_lair_entry_grove, david_orc_5, uniq_maurice
D:10:     layout_cave_pools, uniq_psyche
D:11:     layout_layer_cave, serial_park_tiny_1, fedhas_bush_and_centaur_altar
D:12:     layout_stronghold, uniq_nergalle
D:13:     minmay_guarded_unrand_sword_of_power, layout_rooms,
          gammafunk_ghost_grave, minivault_8, uniq_snorg
Temple:   compressed_dpeg_triangle_lava_temple
Lair:1:   layout_hall_layers, gammafunk_ghost_berserking_beasts,
          grunt_megastairs_2
Lair:2:   cheibrodos_lair_overgrown_chateau, layout_hall_layers,
          elwin_shoals_entry_rooms, guppyfry_snake_entry_garden,
          guppyfry_lair_drakes
Lair:3:   layout_cave_shapes
Lair:4:   layout_cave_pods, serial_bayou_shore_b, lemuel_fruit_fields
Lair:5:   layout_misc_corridors, basic_altar, lemuel_old_faithful, uniq_kirke
Lair:6:   minmay_lair_end_enchanted_forest, layout_gridlike, slime_altar_1

Skill      XL: |  1  2  3  4  5  6  7  8  9 10 11 12 13 14 |
---------------+-------------------------------------------+-----
Dodging        | 2 3 4 5 6 7 8 9 10 | 10.2
Fighting       | 2 3 4 5 6 7 8 9 10 11 | 11.7
Unarmed Combat | 4 5 6 7 8 10 11 12 13 15 | 15.0
Transmutations | 3 4 5 6 7 8 9 10 11 | 11.2
Poison Magic   | 1 2 |  2.0
Spellcasting   | 3 4 |  4.0
Invocations    | 1 3 5 6 8 9 10 | 10.8
Ice Magic      | 1 3 4 5 |  5.0

Action                   |  1- 3 |  4- 6 |  7- 9 | 10-12 | 13-15 || total
-------------------------+-------+-------+-------+-------+-------++-------
Melee: Unarmed           |   138 |   180 |   497 |   529 |   532 ||  1876
       Kick              |    21 |    35 |    43 |       |       ||    99
       Headbutt          |     6 |    20 |    22 |       |       ||    48
       Tailslap          |    12 |    11 |    33 |    15 |    49 ||   120
       Punch             |     1 |     2 |     8 |     4 |    24 ||    39
 Cast: Beastly Appendage |    24 |    30 |    21 |       |       ||    75
       Spider Form       |       |     1 |    30 |     3 |       ||    34
       Ice Form          |       |       |       |    59 |    13 ||    72
       Blade Hands       |       |       |       |    10 |    49 ||    59
Invok: Ancestor Life: He |       |       |       |     1 |       ||     1
       Recall Ancestor   |       |       |       |       |     1 ||     1
       Transference      |       |       |       |       |     1 ||     1
 Abil: Breathe Dispellin |       |       |    10 |     3 |     1 ||    14
       End Transformatio |       |       |       |     1 |       ||     1
  Use: Scroll            |       |     9 |    17 |     7 |     7 ||    40
       Potion            |       |       |     1 |       |       ||     1
 Stab: Sleeping          |       |       |     2 |       |       ||     2
       Distracted        |       |       |     1 |     2 |     2 ||     5
       Confused          |       |       |       |     1 |     2 ||     3
       Petrified         |       |       |       |       |     1 ||     1
Armor: Skin              |    49 |    36 |    65 |    72 |    85 ||   307
Dodge: Dodged            |   129 |   108 |   366 |   363 |   421 ||  1387
Block: Other             |       |    33 |   109 |    98 |   109 ||   349
       Reflection        |       |     3 |     3 |     3 |     4 ||    13

Table legend: (Time is in decaauts)
 A = Elapsed time spent in this place.
 B = Non-inter-level travel time spent in this place.
 C = Inter-level travel time spent in this place.
 D = Time resting spent in this place.
 E = Time spent auto-exploring this place.
 F = Levels seen in this place.
 G = Mean time per level.
                   A        B        C        D        E       F      G
               +--------+--------+--------+--------+--------+-----+--------+
         Total |  27264 |  26363 |    901 |   2502 |  20013 |  21 | 1298.3 |
       Dungeon |  16403 |  15914 |    489 |   1412 |  11891 |  13 | 1261.8 |
        Temple |    193 |    161 |     32 |      0 |    159 |   1 |  193.0 |
          Lair |  10453 |  10073 |    380 |   1090 |   7859 |   6 | 1742.2 |
       Ossuary |    214 |    214 |      0 |      0 |    104 |   1 |  214.0 |
               +--------+--------+--------+--------+--------+-----+--------+

Top non-repeatable levels by time:
  Lair:6: 3387 daAuts
    D:12: 2766 daAuts
     D:9: 1911 daAuts
    D:11: 1788 daAuts
  Lair:2: 1757 daAuts
  Lair:4: 1485 daAuts
  Lair:3: 1389 daAuts
  Lair:5: 1347 daAuts
     D:4: 1340 daAuts
     D:5: 1329 daAuts
     D:3: 1219 daAuts
     D:8: 1169 daAuts
  Lair:1: 1087 daAuts
     D:1: 991 daAuts
    D:13: 915 daAuts
